Map: King's Cove LE

Players

adamSpec - Winner!

  • Race: Protoss Protoss
  • League: Silver
  • Spawn Location: 5:00

Dathan

  • Race: Terran Terran
  • League: Silver
  • Spawn Location: 11:00

VOD

Have the link to the VOD?

Description

s

Time

  • Played on: July 14, 2019, 5:06 a.m.
  • Length: 13:07
Show
View Real Time Build Order
Export as new Build Order

adamSpec Protoss - Winner!

Build Orders:  

Get SALT Encoding   

  12  0:07  Probe  
  13  0:19  Probe  
  14  0:25  Assimilator  
  14  0:33  Pylon  
  14  0:40  Probe  
  14  0:48  Probe  
  16  0:57  Probe  
  16  0:59  Gateway  
  17  1:10  Probe  
  18  1:16  Assimilator  
  18  1:22  Forge  
  18  1:32  Probe  
  19  1:40  Probe  
  20  1:48  Probe  
  20  1:53  Cybernetics Core  
  21  2:00  Probe  
  22  2:03  Pylon  
  22  2:12  Probe  
  23  2:16  Photon Cannon  
  23  2:27  Stalker  
  23  3:14  Stalker  
  25  3:23  Stargate  
  25  3:32  Robotics Facility  
  25  3:35  Pylon  
  25  3:48  Nexus  
  25  4:07  Assimilator  
  25  4:10  Void Ray, Assimilator  
  25  4:18  Pylon  
  29  4:31  Probe  
  30  4:39  Probe  
  31  4:49  Probe  
  32  4:53  Void Ray  
  36  5:01  Probe  
  37  5:09  Robotics Bay  
  37  5:14  Pylon  
  37  5:25  Pylon  
  37  5:27  Fleet Beacon  
  37  5:28  Warp Gate  
  37  5:47  Void Ray  
  37  5:51  Shield Battery  
  41  6:36  Stargate  
  41  6:43  Observer  
  42  7:05  Probe  
  42  7:06  Probe  
  44  7:18  Probe x2  
  44  7:22  Protoss Air Weapons Level 1  
  46  7:30  Probe x2  
  48  7:42  Probe  
  48  8:06  Observer  
  48  8:13  Probe  
  49  8:25  Probe  
  50  8:36  Nexus  
  50  8:37  Mothership  
  58  8:53  Immortal  
  62  9:28  Stalker  
  64  9:33  Immortal  
  68  9:45  Assimilator  
  68  9:48  Assimilator  
  68  9:56  Probe x2  
  70  10:08  Probe x2  
  70  10:09  Pylon  
  70  10:12  Immortal, Pylon  
  76  10:20  Pylon, Probe x2  
  78  10:31  Probe  
  78  10:32  Probe x2  
  81  10:40  Protoss Air Armor Level 1  
  81  10:43  Probe  
  81  10:44  Probe x2  
  81  10:48  Carrier x2  
  84  10:51  Immortal  
  84  10:55  Probe  
  101  11:07  Probe  
  102  11:30  Immortal  
  106  11:52  Carrier  
  112  12:10  Immortal  
  112  12:11  Robotics Facility  
Show
View Real Time Build Order
Export as new Build Order

Dathan Terran 

Build Orders: 2 Factory, Gas First Reaper Expand, Mech 

Get SALT Encoding   

  12  0:02  SCV  
  13  0:16  Supply Depot  
  13  0:19  SCV  
  14  0:28  Refinery  
  14  0:42  Barracks  
  14  0:44  SCV  
  15  0:56  SCV  
  16  1:08  SCV  
  17  1:30  Orbital Command  
  17  1:32  Reaper  
  18  1:51  Command Center  
  18  2:01  Factory  
  18  2:09  SCV  
  19  2:18  Supply Depot  
  19  2:22  SCV  
  20  2:29  Factory  
  20  2:55  SCV  
  21  3:05  Hellion  
  23  3:07  SCV  
  23  3:11  Orbital Command  
  24  3:15  Refinery  
  24  3:19  SCV  
  25  3:26  Hellion  
  27  3:27  Refinery  
  27  3:30  Factory Tech Lab  
  27  3:31  SCV  
  28  3:39  Refinery  
  28  3:40  SCV  
  29  3:43  SCV  
  29  3:48  Hellion  
  32  3:52  SCV  
  32  3:55  Supply Depot  
  33  4:00  Siege Tank  
  36  4:06  SCV  
  36  4:09  Hellion  
  39  4:14  Barracks Reactor  
  39  4:19  SCV  
  39  4:20  Factory  
  40  4:30  Supply Depot  
  40  4:31  SCV  
  41  4:40  Factory Tech Lab  
  41  4:51  SCV  
  42  4:57  SCV  
  43  5:03  SCV  
  43  5:05  Factory  
  44  5:09  SCV  
  44  5:10  Siege Tank x2  
  51  5:15  SCV  
  51  5:19  Hellion  
  54  5:21  SCV  
  54  5:24  Supply Depot  
  54  5:27  SCV  
  56  5:33  SCV  
  57  5:41  Hellion  
  57  5:42  Siege Tank  
  62  5:46  Cyclone  
  62  5:48  Infernal Pre-Igniter  
  65  5:53  Mag-Field Accelerator  
  65  6:01  Supply Depot  
  65  6:02  Hellion  
  65  6:03  Supply Depot  
  67  6:06  Hellion  
  69  6:16  SCV  
  70  6:22  Cyclone  
  70  6:23  Hellion x2, Reaper  
  78  6:28  SCV  
  79  6:35  Supply Depot  
  79  6:36  Factory Tech Lab  
  79  6:38  Supply Depot  
  79  6:39  Marine  
  80  6:40  SCV  
  81  6:55  Marine  
  81  6:56  Marine  
  81  6:58  Siege Tank x3  
  92  7:12  Marine  
  92  7:14  Marine  
  94  7:20  SCV  
  95  7:23  SCV  
  96  7:30  Siege Tank x2  
  102  7:49  SCV x2  
  102  8:15  Factory Tech Lab  
  102  8:51  Supply Depot  
  102  8:53  Supply Depot  
  102  9:09  Command Center  
  102  9:13  Cyclone x2, SCV x2  
  102  9:15  Siege Tank  
  113  9:24  Starport  
  113  9:25  SCV  
  113  9:28  Factory Tech Lab  
  114  9:31  Starport  
  114  9:38  Refinery  
  114  9:44  Refinery  
  114  9:45  Cyclone  
  117  10:09  Supply Depot  
  117  10:13  Supply Depot  
  120  10:52  Cyclone  
  120  10:53  Cyclone x3  
  129  11:07  Supply Depot  
  129  11:08  Supply Depot  
  129  11:24  Cyclone  
  129  11:25  Cyclone x3  
  141  11:41  Factory  
  141  11:44  Supply Depot  
  141  11:57  Cyclone x2  
Tags
 
Add a new tag
Caveats
  • Supply blocks, unpowered buildings, or Contaminate may cause inaccurate times.
  • Supply counts are checked every 10 seconds.